 Dungeon Crawl Stone Soup version 0.19-a0-4-ga5c5ac4 (webtiles) character file.

99660 Ijustatesigmund the Brawler (level 15, -8/149 HPs)
             Began as a Troll Hunter on Apr 26, 2016.
             Was a High Priest of Okawaru.
             Mangled by a wolf spider (17 damage)
             ... on level 1 of the Spider Nest on Apr 28, 2016.
             The game lasted 04:07:58 (23247 turns).

Ijustatesigmund the Brawler (Troll Hunter)         Turns: 23247, Time: 04:08:00

Health: -8/149     AC: 13    Str: 24    XL:     15   Next: 78%
Magic:  20/20      EV: 18    Int:  7    God:    Okawaru [*****.]
Gold:   449        SH: 16    Dex: 22    Spells: 5 memorised, 5 levels left

rFire  . . .     SeeInvis +       - Unarmed
rCold  + + .     Gourm    +     Q - +2 robe {MR+}
rNeg   . . .     Faith    .     B - +5 shield {rC+}
rPois  .         Spirit   .     M - +0 hat "Huatom" {rC+ Dex+7}
rElec  .         Dismiss  .     n - +2 cloak
rCorr  .         Reflect  .     (gloves unavailable)
SustAt .         Harm     .     (boots unavailable)
MR     ++...                    q - amulet of regeneration
Stlth  ++........               H - ring of wizardry
                                U - ring of see invisible

@: lethally poisoned (-8 -> -22), repel missiles, very resistant to hostile
enchantments, unstealthy
A: unfitting armour, claws 3, repulsion field 1, yellow scales 1, fast
metabolism 3, gourmand, regeneration 2, shaggy fur 2, tough skin 2
a: Heroism, Finesse, Renounce Religion


You were on level 1 of the Spider Nest.
You worshipped Okawaru.
Okawaru was extremely pleased with you.
You were full.

You visited 6 branches of the dungeon, and saw 27 of its levels.
You visited 1 bazaar.
You also visited: Volcano.

You collected 2008 gold pieces.
You spent 1559 gold pieces at shops.

Inventory:

Missiles
 c - 15 large rocks (quivered)
 d - 5 throwing nets
 A - 3 poisoned javelins
 E - 13 silver javelins
 K - 6 javelins of penetration
Armour
 n - a +2 cloak (worn)
 B - a +5 shield of cold resistance (worn)
 M - the +0 hat "Huatom" (worn) {rC+ Dex+7}
   (Okawaru gifted it to you on level 5 of the Lair of Beasts)

   It affects your dexterity (+7).
   It protects you from cold.
 Q - a +2 robe of magic resistance (worn)
Jewellery
 g - an uncursed ring of resist corrosion
 q - an amulet of regeneration (around neck)
 s - an uncursed ring of protection from cold
 H - a ring of wizardry (right claw)
 L - a +2 ring of evasion
 U - a ring of see invisible (left claw)
Wands
 C - a wand of digging (16/24)
 G - a wand of lightning (9/15)
 I - a wand of teleportation (4/9)
 P - a wand of teleportation (6/9)
 S - a wand of iceblast (9/15)
 W - a wand of acid (3/15)
Scrolls
 b - 6 scrolls of immolation
 e - 13 scrolls of remove curse
 h - 6 scrolls of fog
 y - 2 scrolls of holy word
 z - 3 scrolls of fear
 F - a scroll of enchant armour
 N - 5 scrolls of recharging
 Y - a scroll of blinking
Potions
 a - 4 potions of brilliance
 i - 7 potions of heal wounds
 k - 5 potions of haste
 m - 2 potions of agility
 p - a potion of cancellation
 r - a potion of ambrosia
 t - 5 potions of curing
 u - 2 potions of magic
 v - a potion of invisibility
 x - 3 potions of flight
 O - 2 potions of berserk rage
 Z - a potion of might
Comestibles
 f - 15 bread rations
 j - 11 meat rations
 o - 6 beef jerkies
 w - 7 royal jellies


   Skills:
 - Level 10.2 Fighting
 - Level 8.8 Throwing
 - Level 8.4 Dodging
 - Level 2.4 Stealth
 + Level 5.0 Shields
 - Level 15.3 Unarmed Combat
 - Level 3.6 Charms
 - Level 4.5 Summonings
 - Level 5.2 Translocations
 - Level 3.6 Air Magic
 - Level 8.4 Invocations


You had 5 spell levels left.
You knew the following spells:

 Your Spells              Type           Power        Failure   Level  Hunger
a - Summon Butterflies    Summ           #.......     7%          1    ##.....
b - Blink                 Tloc           N/A          9%          2    ###....
c - Repel Missiles        Chrm/Air       #.....       16%         2    ###....
d - Swiftness             Chrm/Air       #.......     16%         2    ###....
e - Call Imp              Summ           #.......     12%         2    ###....


Dungeon Overview and Level Annotations

Branches:
Dungeon (14/15)            Temple (1/1) D:5            Lair (8/8) D:10
 Shoals (0/4) Lair:5       Spider (1/4) Lair:5        Slime (0/6) Lair:6
    Orc (2/2) D:12            Elf (1/3) Orc:2        Vaults (0/5) D:14

Altars:
Ashenzari
Cheibriados
Dithmenos
Elyvilon
Gozag
Kikubaaqudgha
Makhleb
Nemelex Xobeh
Okawaru
Pakellas
Qazlal
Ru
Sif Muna
Trog
Vehumet
Xom
Yredelemnul
Zin
The Shining One
Beogh
Jiyva
Lugonu

Shops:
D:5 (   D:8 }   D:9 =   D:10 }   Orc:2 !:!([

Portals:
Trove: D:13 (give 12 potions of heal wounds)


Innate Abilities, Weirdness & Mutations

You are too large for most types of armour.
You have claws for hands.
Your metabolism is lightning-fast.
You like to eat raw meat.
You heal very quickly.
You are covered in thick fur (AC +2).
You have very tough skin (AC +2).
You are surrounded by a mild repulsion field (EV +2).
You are partially covered in yellow scales (AC +2).


Message History

The jumping spider bites you but does no damage.
You feel sick. You block the wolf spider's attack. x2
The jumping spider barely misses you. You block the jumping spider's attack.
The wolf spider hits you!
* * * LOW HITPOINT WARNING * * *
The wolf spider misses you. The jumping spider misses you.
You block the jumping spider's attack.
You feel sick. The wolf spider hits you.
* * * LOW HITPOINT WARNING * * *
The wolf spider barely misses you.
The jumping spider leaps!
You closely miss the wolf spider.
You feel sick. The wolf spider completely misses you.
You block the wolf spider's attack.
The jumping spider leaps!
You mangle the wolf spider!!
The wolf spider is heavily wounded.
You feel sick. You block the wolf spider's attack. The wolf spider bites you!
* * * LOW HITPOINT WARNING * * *
You are lethally poisoned!
The wolf spider poisons you! The wolf spider hits you!
You die...

### ###
##).###..##
###.....#...#
#......@<...#
........s...#
......#.....#
..#^.#..ยง...#
#.........#.#
............#
..#.........#
.......[.....


You could see a wolf spider.

Vanquished Creatures
  4 dire elephants (Lair:8)
  Azrael (D:13)
  A vault guard (D:14)
  Josephine (Lair:5)
  Fannar (D:12)
  The ghost of feelmyfire the Fencer, a journeyman MiFi of Okawaru (D:12)
  Harold (Volcano)
  The ghost of wvc the Basher, a journeyman HuWn of Okawaru (D:11)
  7 hydras
  Erica (Lair:1)
  An anaconda (Lair:8)
  A death knight (D:14)
  An ogre mage (Orc:2)
  The ghost of Sl000nik the Quickloader, a novice DDHu (D:9)
  5 death yaks
  Erolcha (D:8)
  An orc high priest (Orc:1)
  A deep elf knight (D:14)
  A fire crab (Lair:5)
  5 skeletal warriors
  4 unseen horrors
  8 hill giants
  A phantasmal warrior (D:14)
  A necromancer (Lair:5)
  A wizard (D:14)
  7 ugly things
  9 orc sorcerers (Orc:2)
  A wolf spider (Spider:1)
  An orb spider (Lair:5)
  5 deep elf magi
  A griffon (D:13)
  2 manticores (D:12)
  4 centaur zombies
  12 elephants
  Joseph (D:8)
  7 black mambas
  3 torpor snails
  23 spiny frogs
  A gargoyle (D:11)
  2 rime drakes
  6 komodo dragons
  5 trolls
  3 two-headed ogres
  2 polar bears
  Prince Ribbit (D:8)
  12 blink frogs
  A snapping turtle (Lair:5)
  A water elemental (D:13)
  Eustachio (D:4)
  A wyvern (D:12)
  8 wraiths
  A hungry ghost (D:12)
  A basilisk (D:12)
  54 yaks
  10 hippogriffs
  Grum (D:8)
  2 fire elementals (D:13)
  A steam dragon (D:11)
  The ghost of manas the Shield-Bearer, an amateur GrFi (D:4)
  The ghost of SkaryMonk the Geomancer, an amateur OpEE (D:3)
  2 wargs (Orc:2)
  4 hell hounds
  A soldier ant (D:14)
  10 porcupines
  24 water moccasins
  20 orc warriors
  5 ice beasts
  6 sky beasts
  2 black bears
  An eye of draining (D:14)
  18 ogres
  2 wasps
  2 phantoms
  37 wolves
  14 centaurs
  15 crocodiles
  Blork the orc (D:4)
  4 big kobolds
  22 giant frogs
  A wyvern zombie (D:13)
  2 gnoll sergeants
  A wyvern skeleton (D:13)
  2 scorpions
  28 killer bees
  7 wights
  2 howler monkeys
  13 electric eels
  4 crimson imps
  3 centaur skeletons
  3 giant frog zombies
  4 jellies
  A giant frog skeleton (D:7)
  15 orc priests
  6 hounds
  36 orc wizards
  8 iguanas
  10 worker ants
  2 hell rats (Lair:6)
  2 killer bee zombies
  12 sheep
  2 giant frog simulacra (D:10)
  2 crocodile zombies (Lair:5)
  A hound zombie (D:9)
  3 hound skeletons
  Robin (D:2)
  A worker ant zombie (D:11)
  A howler monkey skeleton (D:9)
  9 gnolls
  8 adders
  45 river rats
  A hound simulacrum (D:10)
  3 shadow imps
  3 white imps (D:10)
  2 ufetubi (D:10)
  An adder zombie (D:4)
  2 adder skeletons
  3 worms
  5 giant geckos
  55 orcs
  5 bats (D:2)
  5 giant cockroaches
  11 goblins
  11 hobgoblins
  16 jackals
  18 kobolds
  9 quokkas
  3 ball pythons
  A giant cockroach zombie (D:5)
  4 giant newts
  A quokka skeleton (D:4)
  A quokka zombie (D:6)
  7 rats
  7 fungi
  5 plants
848 creatures vanquished.

Vanquished Creatures (others)
  Asterion (Lair:5)
  2 ugly things (D:14)
  A water elemental (D:13)
  A tarantella (Lair:5)
  3 howler monkeys (D:11)
  A worker ant (D:14)
  2 orcs
  18 fungi
  10 plants
39 creatures vanquished.

Grand Total: 887 creatures vanquished

Notes
Turn   | Place    | Note
--------------------------------------------------------------
     0 | D:1      | Ijustatesigmund the Troll Hunter began the quest for the Orb.
     0 | D:1      | Reached XP level 1. HP: 19/19 MP: 0/0
   107 | D:1      | Reached skill level 1 in Unarmed Combat
   143 | D:1      | Upgraded the game from 0.18-a0-1805-g8ab820f to 0.19-a0
   154 | D:1      | Reached XP level 2. HP: 27/28 MP: 1/1
   891 | D:2      | Found a glowing golden altar of the Shining One.
   891 | D:2      | Found a shadowy altar of Dithmenos.
   892 | D:2      | Noticed Robin
   914 | D:2      | Reached skill level 2 in Unarmed Combat
   928 | D:2      | Killed Robin
   928 | D:2      | Reached XP level 3. HP: 26/35 MP: 2/2
  1168 | D:2      | Found a faded altar to an unknown god.
  1245 | D:2      | Reached skill level 3 in Unarmed Combat
  1246 | D:2      | Found a sparkling altar of Nemelex Xobeh.
  1308 | D:2      | Reached XP level 4. HP: 40/42 MP: 3/3
  1576 | D:3      | Noticed SkaryMonk's ghost (amateur OpEE)
  1588 | D:3      | Killed SkaryMonk's ghost
  1588 | D:3      | Reached skill level 4 in Unarmed Combat
  1588 | D:3      | Reached XP level 5. HP: 40/52 MP: 4/4
  1887 | D:3      | Found an oddly glowing altar of Pakellas.
  1890 | D:3      | Found a bloodstained altar of Trog.
  1893 | D:3      | Found a white marble altar of Elyvilon.
  2070 | D:4      | Noticed manas's ghost (amateur GrFi)
  2073 | D:4      | Noticed Eustachio
  2088 | D:4      | Killed manas's ghost
  2088 | D:4      | Reached skill level 5 in Unarmed Combat
  2088 | D:4      | Reached XP level 6. HP: 3/61 MP: 5/5
  2101 | D:5      | Entered Level 5 of the Dungeon
  2257 | D:5      | Found a staircase to the Ecumenical Temple.
  2265 | Temple   | Entered the Ecumenical Temple
  2294 | Temple   | Became a worshipper of Warmaster Okawaru
  2372 | D:4      | Killed Eustachio
  2372 | D:4      | Reached skill level 6 in Unarmed Combat
  2372 | D:4      | Reached XP level 7. HP: 68/68 MP: 6/6
  2417 | D:4      | Found a glowing silver altar of Zin.
  2497 | D:4      | Noticed an angel
  2499 | D:4      | Found a shimmering altar of Xom.
  2643 | D:4      | Gained mutation: You are surrounded by a mild repulsion field (EV +2). [potion of beneficial mutation]
  2644 | D:4      | Gained mutation: You are partially covered in yellow scales (AC +2). [potion of beneficial mutation]
  2659 | D:4      | Found a snail-covered altar of Cheibriados.
  2782 | D:4      | Noticed Blork the orc
  2788 | D:4      | Reached skill level 7 in Unarmed Combat
  2794 | D:4      | Reached * piety under Okawaru
  2797 | D:4      | Killed Blork the orc
  2804 | D:4      | Reached XP level 8. HP: 68/79 MP: 7/7
  3104 | D:4      | Found a basalt altar of Yredelemnul.
  3184 | D:5      | Reached skill level 8 in Unarmed Combat
  3315 | D:5      | Found Vyclicar's Antique Weapon Emporium.
  3431 | D:6      | Reached skill level 5 in Fighting
  3535 | D:6      | Found an ancient bone altar of Kikubaaqudgha.
  3639 | D:6      | Found a shattered altar of Ashenzari.
  3643 | D:6      | Saw a vision of the Shoals and the Spider Nest.
  3643 | D:6      | Noticed a sea snake
  3643 | D:6      | Noticed a sea snake
  3643 | D:6      | Noticed a siren
  3643 | D:6      | Noticed a merfolk
  3643 | D:6      | Noticed a merfolk
  3645 | D:6      | Noticed a wolf spider
  3798 | D:7      | Reached ** piety under Okawaru
  3798 | D:7      | Reached skill level 9 in Unarmed Combat
  4192 | D:7      | Reached XP level 9. HP: 75/89 MP: 8/8
  4460 | D:7      | Reached skill level 10 in Unarmed Combat
  4995 | D:8      | Noticed Grum
  5004 | D:8      | Reached *** piety under Okawaru
  5012 | D:8      | Killed Grum
  5284 | D:8      | Noticed Joseph
  5295 | D:8      | Killed Joseph
  5295 | D:8      | Reached **** piety under Okawaru
  5295 | D:8      | Reached skill level 5 in Throwing
  5317 | D:8      | Noticed Erolcha
  5323 | D:8      | Killed Erolcha
  5323 | D:8      | Reached XP level 10. HP: 100/100 MP: 6/10
  5630 | D:8      | Noticed a hill giant
  5638 | D:8      | Killed a hill giant
  5693 | D:8      | Found Ulozxo Afesch's Gadget Shop.
  5918 | D:8      | Noticed Prince Ribbit
  5929 | D:8      | Killed Prince Ribbit
  6016 | D:9      | Reached ***** piety under Okawaru
  6168 | D:9      | Reached skill level 1 in Stealth
  6174 | D:9      | Noticed Sl000nik's ghost (novice DDHu)
  6205 | D:9      | Killed Sl000nik's ghost
  6282 | D:9      | Found Jyatt's Jewellery Emporium.
  6289 | D:9      | Received a gift from Okawaru
  6319 | D:9      | Bought a +2 ring of evasion for 150 gold pieces
  6538 | D:9      | Received a gift from Okawaru
  6587 | D:9      | Reached skill level 5 in Invocations
  6603 | D:9      | Learned a level 1 spell: Summon Butterflies
  6978 | D:9      | Reached skill level 1 in Summonings
  6978 | D:9      | Reached XP level 11. HP: 107/107 MP: 13/13
  7124 | D:9      | Received a gift from Okawaru
  7187 | D:10     | Entered Level 10 of the Dungeon
  7233 | D:10     | Noticed a death yak
  7242 | D:10     | Killed a death yak
  7302 | D:10     | Noticed a hill giant
  7310 | D:10     | Killed a hill giant
  7310 | D:10     | Received a gift from Okawaru
  7424 | D:10     | Found Okyirou's Gadget Shop.
  7487 | D:10     | Reached skill level 11 in Unarmed Combat
  7675 | D:10     | Found a staircase to the Lair.
  7695 | D:10     | Noticed a hill giant
  7703 | D:10     | Killed a hill giant
  7891 | D:11     | Noticed wvc's ghost (journeyman HuWn)
  7905 | D:11     | Killed wvc's ghost
  7905 | D:11     | Received a gift from Okawaru
  8008 | D:11     | Received a gift from Okawaru
  8056 | D:11     | Noticed a cyan ugly thing
  8062 | D:11     | Killed a cyan ugly thing
  8062 | D:11     | Reached skill level 12 in Unarmed Combat
  8117 | D:11     | Noticed a hill giant
  8126 | D:11     | Killed a hill giant
  8126 | D:11     | Received a gift from Okawaru
  8140 | D:11     | Reached ****** piety under Okawaru
  8363 | D:12     | Noticed feelmyfire's ghost (journeyman MiFi)
  8372 | D:12     | Killed feelmyfire's ghost
  8372 | D:12     | Reached XP level 12. HP: 96/119 MP: 11/14
  8558 | D:12     | Noticed Fannar
  8561 | D:12     | Found a staircase to the Orcish Mines.
  8570 | D:12     | Killed Fannar
  8689 | D:12     | Reached skill level 13 in Unarmed Combat
  9195 | D:12     | Received a gift from Okawaru
  9212 | D:12     | HP: 3/122 [white ugly thing (15)]
  9341 | D:12     | Upgraded the game from 0.19-a0 to 0.19-a0-4-ga5c5ac4
  9556 | D:12     | Received a gift from Okawaru
  9712 | D:12     | Received a gift from Okawaru
  9723 | D:12     | Reached skill level 5 in Dodging
  9909 | D:13     | Reached skill level 14 in Unarmed Combat
  9997 | D:13     | Noticed Azrael
 10028 | D:14     | Noticed a death knight
 10089 | D:14     | Reached XP level 13. HP: 43/131 MP: 13/15
 10187 | D:14     | Paralysed by an orc for 5 turns
 10297 | D:14     | Noticed a vault guard
 10312 | D:14     | Killed a vault guard
 10312 | D:14     | Received a gift from Okawaru
 10315 | D:14     | Got a heavy robe {god gift}
 10323 | D:14     | Found a gate to the Vaults.
 10361 | D:14     | Found a flickering gateway to a bazaar.
 10635 | Bazaar   | Entered a bazaar
 10635 | Bazaar   | Found Wuqat's Armour Emporium.
 10648 | Bazaar   | Found Onaimy's General Store.
 10659 | Bazaar   | Identified the +2 robe of Bitterness {+Inv rF- Regen+} (Okawaru gifted it to you on level 14 of the Dungeon)
 10675 | Bazaar   | Found Qucof's Antique Weapon Boutique.
 10695 | Bazaar   | Found Ocvuhou's Book Emporium.
 10703 | Bazaar   | Bought a book of Minor Magic for 180 gold pieces
 10706 | Bazaar   | Learned a level 2 spell: Blink
 10725 | Bazaar   | Bought a potion of haste for 120 gold pieces
 10892 | D:14     | Reached skill level 1 in Translocations
 11341 | D:13     | Killed Azrael
 11522 | D:13     | Found a portal to a secret trove of treasure.
 12037 | Lair:1   | Entered Level 1 of the Lair of Beasts
 12222 | Lair:1   | Noticed Erica
 12227 | Lair:1   | Killed Erica
 12227 | Lair:1   | Reached skill level 5 in Translocations
 12313 | Lair:1   | Received a gift from Okawaru
 12897 | Lair:2   | Learned a level 2 spell: Repel Missiles
 13163 | Lair:2   | Reached skill level 1 in Charms
 13179 | Lair:2   | Reached skill level 1 in Air Magic
 13179 | Lair:2   | Reached XP level 14. HP: 140/140 MP: 15/18
 13527 | Lair:2   | Received a gift from Okawaru
 13637 | Lair:3   | Received a gift from Okawaru
 14457 | Lair:3   | Learned a level 2 spell: Swiftness
 15035 | Lair:4   | Received a gift from Okawaru
 15779 | Lair:5   | Received a gift from Okawaru
 15806 | Lair:5   | Got a steaming hat {god gift}
 15812 | Lair:5   | Identified the +0 hat "Huatom" {rC+ Dex+7} (Okawaru gifted it to you on level 5 of the Lair of Beasts)
 15950 | Lair:5   | Noticed Josephine
 15960 | Lair:5   | Killed Josephine
 16127 | Lair:5   | Found a hole to the Spider Nest.
 16412 | Lair:5   | Found a staircase to the Shoals.
 16862 | Lair:6   | Found a viscous altar of Jiyva.
 16863 | Lair:6   | Found a staircase to the Slime Pits.
 17224 | Lair:6   | Found a dark tunnel.
 17229 | Volcano  | Entered a volcano
 17252 | Volcano  | Noticed Harold
 17263 | Volcano  | Killed Harold
 17567 | Lair:1   | Learned a level 2 spell: Call Imp
 17751 | Lair:6   | Found a snail-covered altar of Cheibriados.
 18537 | Lair:7   | Received a gift from Okawaru
 18580 | Lair:7   | Reached XP level 15. HP: 148/148 MP: 20/20
 19424 | Lair:8   | Entered Level 8 of the Lair of Beasts
 19469 | Lair:8   | Reached skill level 15 in Unarmed Combat
 19733 | Lair:8   | Received a gift from Okawaru
 20416 | Lair:8   | Received a gift from Okawaru
 20416 | Lair:8   | Reached skill level 10 in Fighting
 21158 | Orc:1    | Entered Level 1 of the Orcish Mines
 21608 | Orc:2    | Entered Level 2 of the Orcish Mines
 21654 | Orc:2    | Found Lirr's Antique Armour Boutique.
 21660 | Orc:2    | Bought a shiny shield for 139 gold pieces
 21970 | Orc:2    | Found a staircase to the Elven Halls.
 21979 | Elf:1    | Entered Level 1 of the Elven Halls
 21991 | Elf:1    | Reached skill level 1 in Shields
 22398 | Orc:2    | Found a bloodstained altar of Trog.
 22573 | Orc:2    | Found a radiant altar of Vehumet.
 22579 | Orc:2    | Found Zebb's Book Shop.
 22579 | Orc:2    | Paralysed by an orc sorcerer for 3 turns
 22599 | Orc:2    | Paralysed by an orc sorcerer for 2 turns
 22755 | Orc:2    | Found an ancient bone altar of Kikubaaqudgha.
 22799 | Orc:2    | Found a roughly hewn altar of Beogh.
 22799 | Orc:2    | Found Meliedak's Antique Weapon Boutique.
 22800 | Orc:2    | Found Jausmomu's Distillery.
 22816 | Orc:2    | Found Liung's Distillery.
 22837 | Orc:2    | Bought a potion of heal wounds for 65 gold pieces
 22837 | Orc:2    | Bought a potion of berserk rage for 65 gold pieces
 22846 | Orc:2    | Bought 2 potions of heal wounds for 140 gold pieces
 22846 | Orc:2    | Bought 2 potions of heal wounds for 140 gold pieces
 22846 | Orc:2    | Bought a potion of beneficial mutation for 490 gold pieces
 22846 | Orc:2    | Bought a potion of heal wounds for 70 gold pieces
 22846 | Orc:2    | Gained mutation: You are covered in thick fur (AC +2). [potion of beneficial mutation]
 23194 | Spider:1 | Entered Level 1 of the Spider Nest
 23194 | Spider:1 | Noticed Asterion
 23208 | Lair:5   | Killed Asterion
 23242 | Spider:1 | Reached skill level 5 in Shields
 23247 | Spider:1 | Mangled by a wolf spider

Vault maps used:
D:1:      lightli_arrival_boilingwater
D:2:      gammafunk_temple_overflow_pools, nemelex_deck, ecumenical_altar_1,
          uniq_robin
D:3:      grunt_temple_overflow_diamond, mrwooster_statue_mirror, hex_tiny,
          grunt_ministairs_1
D:4:      grunt_temple_overflow_order_and_chaos_1, kennysheep_little_box,
          nicolae_overflow_crystal_walls, hangedman_decor_clover_reticule,
          uniq_blork_the_orc, uniq_eustachio
D:5:      tgw_fedhas, minmay_temple_entry_statues_pillars, first_bread,
          serial_shops, shop
D:6:      overflow_temple_1_default, grunt_ashenzari_visionary
D:7:      hangedman_cross_stitches
D:8:      serial_shops, shop, kennysheep_generic_room_15, uniq_erolcha,
          uniq_grum, uniq_prince_ribbit1, uniq_joseph
D:9:      serial_shops, shop
D:10:     minmay_lair_entry_lava, serial_ice, serial_ice_e, serial_ice_j,
          serial_ice_d, serial_ice_b, serial_ice_o, serial_ice_g, serial_ice_h,
          serial_ice_a, serial_ice_f, serial_ice_n, serial_shops, shop_statue
D:12:     minmay_box_of_statues, orc_0_dummy, uniq_fannar
D:13:     nicolae_trove_entry_columns, serial_bayou, serial_bayou_pond_d,
          serial_bayou_ford_a, serial_bayou_crossing, serial_bayou_lagoon_b,
          david_nohive_1, wad_floor_pattern_2, uniq_azrael
D:14:     david_vaults_4, serial_shops, freezing_bzr,
          hangedman_abyss_or_decor_passed, st_stairs_12
Temple:   corrupted_temple
Lair:1:   grunt_megastairs_3, lemuel_fruit_fields, serial_bayou_shore_a,
          uniq_erica
Lair:2:   grunt_megastairs_4, lemuel_fruit_tree
Lair:3:   cheibrodos_lair_reptile_den, serial_bayou_shore_b
Lair:4:   nicolae_quartered_pool_super
Lair:5:   pond_and_an_island_with_a_cottage, minmay_shoals_entry_hut,
          nicolae_spider_entry_orb_guardian, uniq_josephine
Lair:6:   kennysheep_rathole, slime_altar_1, nicolae_volcano_entry_s_turn,
          kennysheep_snail_temple, grunt_megastairs_2
Lair:8:   due_jungle_book, serial_bayou_shore_b
Spider:1: spider_temple_joshua, zaba_anthell, uniq_asterion
Orc:1:    nicolae_orc_lava_room
Orc:2:    kennysheep_orc_mage_school, serial_shops, shop_fountains, trog_book
Elf:1:    elf_arrival_001, serial_shops, shop, hangedman_elf_represent
Bazaar:   bazaar_kb_twisted_cavern
Volcano:  volcano_caves

Skill      XL: |  1  2  3  4  5  6  7  8  9 10 11 12 13 14 15 |
---------------+----------------------------------------------+-----
Unarmed Combat | 1 2 3 4 5 6 7 9 10 12 14 15 | 15.3
Fighting       | 2 3 4 5 6 7 9 10 | 10.2
Throwing       | 5 7 8 |  8.8
Dodging        | 3 5 6 8 |  8.4
Invocations    | 2 5 6 8 |  8.4
Stealth        | 2 |  2.4
Summonings     | 1 4 |  4.5
Translocations | 5 |  5.2
Charms         | 1 3 |  3.6
Air Magic      | 1 3 |  3.6
Shields        | 5 |  5.0

Action                   |  1- 3 |  4- 6 |  7- 9 | 10-12 | 13-15 || total
-------------------------+-------+-------+-------+-------+-------++-------
Melee: Unarmed           |   112 |   133 |   270 |   625 |  1534 ||  2674
       Punch             |     1 |     2 |    14 |    47 |   139 ||   203
Throw: Large rock        |       |     5 |    13 |    25 |    99 ||   142
 Cast: Repel Missiles    |       |       |       |       |     3 ||     3
       Call Imp          |       |       |       |       |     1 ||     1
Invok: Heroism           |       |       |     2 |    12 |    26 ||    40
       Finesse           |       |       |       |       |     3 ||     3
Evoke: Wand              |       |       |       |     3 |     5 ||     8
  Use: Scroll            |     4 |     5 |    12 |    10 |    21 ||    52
       Potion            |       |     1 |     2 |     3 |     5 ||    11
 Stab: Sleeping          |     1 |       |     6 |    14 |     6 ||    27
       Distracted        |       |       |       |     5 |     2 ||     7
  Eat: Chunk             |    17 |    10 |    28 |    46 |   118 ||   219
       Pizza             |       |       |       |       |     4 ||     4
       Fruit             |       |       |       |       |     1 ||     1
Armor: Robe              |    41 |    62 |    63 |   191 |   321 ||   678
Dodge: Dodged            |    47 |    84 |   126 |   442 |  1238 ||  1937
       Deflected         |       |       |       |       |     5 ||     5
Block: Shield            |       |       |       |       |   123 ||   123
